 Dungeon Crawl Stone Soup version 0.30.1-11-g7821555f0a (webtiles) character file.

Game seed: 2587669603124839427

20138 lonewolfV2 the Formicid Catastrophe (level 13, -15/104 HPs)
             Began as a Formicid Fighter on Nov 16, 2023.
             Was an Elder of Qazlal.
             Killed from afar by Azrael (18 damage)
             ... with a bolt of fire
             ... on level 13 of the Dungeon.
             The game lasted 00:20:37 (12975 turns).

lonewolfV2 the Formicid Catastrophe (FoFi)         Turns: 12975, Time: 00:20:38

Health: -15/104    AC: 24    Str: 29    XL:     13   Next: 10%
Magic:  0/21       EV: 10    Int:  8    God:    Qazlal [****..]
Gold:   715        SH: 12    Dex: 19    Spells: 12/12 levels left

rFire   . . .        j - +8 mace "Lafuek" {drain, rPois rN+++ Str+3}
rCold   . . .        c - +0 buckler
rNeg    + + +        t - +1 plate armour
rPois   +            (helmet unavailable)
rElec   .            y - +2 cloak {Will+}
rCorr   .            n - +1 pair of gloves
SInv    +            E - +1 pair of boots
Will    ++...        l - amulet of guardian spirit Stlth
                     r - +6 ring of dexterity
HPRegen 0.37/turn    (no ring)
MPRegen 0.17/turn

%: repel missiles, guardian spirit
@: no status effects
A: permanent stasis, dig shafts and tunnels, antennae 3, four strong arms
a: Dig, Shaft Self, Renounce Religion, Upheaval, Elemental Force


You were on level 13 of the Dungeon.
You worshipped Qazlal.
Qazlal was greatly pleased with you.
You visited 2 branches of the dungeon, and saw 14 of its levels.

You collected 805 gold pieces.
You spent 90 gold pieces at shops.

Inventory:

Hand Weapons
 a - a +1 war axe
 j - the +8 mace "Lafuek" (weapon) {drain, rPois rN+++ Str+3}
   (You took it off a kobold on level 2 of the Dungeon)

   Str:       It affects your strength (+3).
   rPois:     It protects you from poison.
   rN:        It renders you almost immune to negative energy.
 F - a +1 battleaxe
Missiles
 A - 2 throwing nets
Armour
 c - a +0 buckler (worn)
 n - a +1 pair of gloves (worn)
 t - a +1 plate armour (worn)
 y - a +2 cloak of willpower (worn)
 E - a +1 pair of boots (worn)
Jewellery
 l - an amulet of guardian spirit (around neck)
 r - a +6 ring of dexterity (left hand)
Wands
 b - a wand of light (11)
 k - a wand of iceblast (11)
 m - a wand of flame (14)
 q - a wand of paralysis (18)
 z - a wand of mindburst (32)
Scrolls
 e - a scroll of blinking
 g - 5 scrolls of magic mapping
 h - 3 scrolls of identify
 p - 2 scrolls of noise
 s - 2 scrolls of poison
 v - 2 scrolls of fear
Potions
 d - a potion of lignification
 f - 5 potions of flight
 i - 2 potions of attraction
 u - 5 potions of magic
 w - 3 potions of degeneration
 x - 2 potions of haste
 B - a potion of resistance


   Skills:
 * Level 10.6 Fighting
 - Level 3.2(7.2) Axes
 - Level 10.2(10.4) Maces & Flails
 - Level 10.3 Armour
 - Level 4.1 Dodging
 - Level 10.3 Shields
 - Level 11.3 Invocations


You had 12 spell levels left.
You didn't know any spells.
Your spell library contained the following spells:

 Spells                   Type           Power      Damage    Failure   Level
 Magic Dart               Conj           0%         1d3       98%         1
 Necrotise                Necr           0%         1d4       98%         1
 Lesser Beckoning         Tloc           0%         N/A       99%         2
 Searing Ray              Conj           0%         2d4       99%         2
 Gell's Gravitas          Tloc           0%         N/A       100%        3
 Teleport Other           Tloc           0%         N/A       100%        3
 Vampiric Draining        Necr           0%         2d6       100%        3
 Fulminant Prism          Conj/Hex       0%         3d5       100%        4
 Leda's Liquefaction      Hex/Erth       0%         N/A       100%        4
 Agony                    Necr           0%         N/A       100%        5
 Lee's Rapid Deconstruct  Erth           0%         3d4*      100%        5
 Statue Form              Tmut/Erth      0%         N/A       100%        6


Dungeon Overview and Level Annotations

Branches:
Dungeon (13/15)            Temple (1/1) D:4            Lair (0/5) D:9
    Orc (0/2) D:11
 Vaults: D:13-14

Altars:
Ashenzari
Cheibriados
Dithmenos
Elyvilon
Fedhas
Gozag
Hepliaklqana
Kikubaaqudgha
Makhleb
Nemelex Xobeh
Okawaru
Qazlal
Ru
Sif Muna
Trog
Uskayaw
Vehumet
Wu Jian
Xom
Yredelemnul
Zin
The Shining One

Shops:
D:1 (   D:8 *!   D:13 =

Portals:
Ice
Cave: D:13

Annotations:
D:5 3 runed translucent doors, Patrick2011b's ghost, novice DrTm
D:13 Azrael


Innate Abilities, Weirdness & Mutations

You cannot be hasted, slowed, berserked, paralysed or teleported.
You can dig through walls and to a lower floor.
You have a pair of large antennae on your head. (SInv)
Your four strong arms can wield two-handed weapons with a shield.


Message History

The fire elemental is engulfed in a thunderstorm.
The fire elemental hits you. You block the hell hound's attack.
You feel better. The hell hound bites you!
* * * LOW HITPOINT WARNING * * *
You block the hell hound's attack.
Azrael is engulfed in freezing vapours.
Azrael's eyes look fiery.
Azrael hits you with a +4 scimitar of flaming.
* * * LOW HITPOINT WARNING * * *
The hell hound completely misses you.
The fire elemental sizzles in the rain.
The fire elemental is engulfed in a thunderstorm.
You destroy the fire elemental!
Qazlal accepts your kill.
The storm surrounding you is now powerful enough to repel missiles.
You will now adapt resistances upon receiving elemental damage.
Okay, then.
Your magical effects are unravelling.
You feel magically purged.
Your resistance to elements expires.
The hell hound breathes flames at you. The blast of flame misses you.
The blast of flame hits the hell hound.
The hell hound completely resists.
You block the hell hound's attack.
Azrael is engulfed in freezing vapours.
Azrael barely misses you.
The hell hound bites you but does no damage.
Okay, then.
Are you sure you want to shaft yourself?
Okay, then.
There are monsters nearby!
Are you sure you want to shaft yourself?
The hell hound bites you.
* * * LOW HITPOINT WARNING * * *
You block the hell hound's attack.
Azrael is engulfed in freezing vapours.
You block Azrael's attack. The hell hound closely misses you.
You begin to dig a shaft.
You continue digging a shaft.
You hear the loud crackling of a melting archway very nearby.
The hell hound bites you.
* * * LOW HITPOINT WARNING * * *
You block the hell hound's attack. Azrael gestures at you.
The bolt of fire hits you!!
You die...

#..) .# #..) .# #..) .# ###...
######.### ....... #........#
.......) #..§☼....# #####...
#...h.R..# ...... #####..☼.@..>#
...... #......§☼.h...... ....#.#
########................ ......
................###.....>#....##
########....#######........... #
#....#............... #
#....#............... ###
#....#............... #..
###................# #.#


You could see Azrael and 2 hell hounds.

Vanquished Creatures
  Erolcha (D:10)
  Erica (D:8)
  A centaur warrior (D:13)
  2 boulder beetles (D:12)
  3 two-headed ogres
  2 ugly things
  A cyclops (D:11)
  2 kobold demonologists (D:9)
  Psyche (D:8)
  2 rime drakes (D:13)
  An efreet (D:12)
  A komodo dragon (D:10)
  Prince Ribbit (D:8)
  2 hornets
  4 trolls
  10 slime creatures
  A shadow (D:12)
  3 wraiths
  A wyvern (D:8)
  14 yaks
  3 fire elementals (D:13)
  4 vampire mosquitoes (D:12)
  4 wargs (D:11)
  2 water moccasins (D:8)
  A hell hound (D:13)
  2 sky beasts (D:8)
  8 orc warriors
  A black bear (D:7)
  2 ogres
  12 centaurs
  3 phantoms
  3 kobold brigands
  6 bullfrogs
  A gnoll sergeant (D:9)
  5 wights (D:8)
  7 electric eels
  A jelly (D:6)
  4 howler monkeys
  A gnoll bouda (D:7)
  Crazy Yiuf (D:6)
  7 orc priests
  2 hounds
  A sleepcap (D:5)
  16 orc wizards
  6 iguanas
  18 gnolls
  7 adders
  A white imp (D:7)
  3 ufetubi
  2 worms
  2 dart slugs
  36 orcs
  7 bats
  4 endoplasms
  3 giant cockroaches
  7 goblins
  8 hobgoblins
  2 jackals (D:3)
  16 kobolds
  A quokka (D:1)
  9 ball pythons
  6 frilled lizards
  5 rats
294 creatures vanquished.

Vanquished Creatures (collateral kills)
  A centaur (D:13)
1 creature vanquished.

Vanquished Creatures (others)
  A slime creature (D:13)
  A white imp (D:8)
2 creatures vanquished.

Grand Total: 297 creatures vanquished

Notes
Turn   | Place    | Note
-------+----------+-------------------------------------------
     0 | D:1      | lonewolfV2 the Formicid Fighter began the quest for the
                  | Orb.
     0 | D:1      | Reached XP level 1. HP: 18/18 MP: 1/1
    88 | D:1      | Reached XP level 2. HP: 21/24 MP: 2/2
   471 | D:1      | Found Melo's Weapon Boutique.
   482 | D:1      | Reached XP level 3. HP: 30/30 MP: 3/3
  1005 | D:2      | Reached XP level 4. HP: 24/37 MP: 4/4
  1219 | D:2      | Identified the +8 mace "Lafuek" {drain, rPois rN+++ Str+3}
  1549 | D:3      | Reached skill level 1 in Maces & Flails
  1555 | D:3      | Reached XP level 5. HP: 24/43 MP: 5/5
  1751 | D:3      | Noticed a phantom
  1764 | D:3      | Killed a phantom
  1765 | D:3      | Reached skill level 5 in Fighting
  1765 | D:3      | Reached XP level 6. HP: 47/51 MP: 6/6
  1934 | D:3      | Found a faded altar of an unknown god.
  1967 | D:3      | Found a hazy altar of Hepliaklqana.
  2362 | D:4      | Found a staircase to the Ecumenical Temple.
  2380 | Temple   | Entered the Ecumenical Temple
  2883 | D:4      | Noticed an ogre
  2898 | D:4      | Killed an ogre
  2899 | D:4      | Reached XP level 7. HP: 30/57 MP: 7/7
  3220 | D:5      | Entered Level 5 of the Dungeon
  3227 | D:5      | Reached skill level 5 in Maces & Flails
  3265 | D:5      | Noticed Patrick2011b's ghost (novice DrTm)
  3325 | D:5      | Found a runed translucent gate.
  3325 | D:5      | Found a runed translucent gate.
  3325 | D:5      | Found a runed translucent gate.
  3409 | D:5      | Found a stormy altar of Qazlal.
  3420 | D:5      | Became a worshipper of Qazlal Stormbringer
  3442 | D:5      | Reached XP level 8. HP: 63/65 MP: 8/8
  3482 | D:5      | Found Zin's Purification Station.
  3485 | D:5      | Found a glowing silver altar of Zin.
  3488 | D:5      | Bought a potion of curing for 90 gold pieces
  4743 | D:6      | Found a runed translucent door.
  4744 | D:6      | Noticed Crazy Yiuf
  4752 | D:6      | Killed Crazy Yiuf
  4947 | D:7      | Reached XP level 9. HP: 67/74 MP: 7/9
  4963 | D:7      | Reached * piety under Qazlal
  5861 | D:8      | Reached skill level 1 in Dodging
  6101 | D:8      | HP: 3/76 [centaur/arrow (6)]
  6429 | D:8      | Reached XP level 10. HP: 54/83 MP: 7/10
  6594 | D:8      | Found Yriblo's Serpentskin Sales.
  6598 | D:8      | Reached skill level 5 in Shields
  6797 | D:8      | Noticed Erica
  6803 | D:8      | Reached ** piety under Qazlal
  6809 | D:8      | Killed Erica
  7612 | D:8      | Noticed Psyche
  7619 | D:8      | Killed Psyche
  7714 | D:8      | Found a white marble altar of Elyvilon.
  7781 | D:8      | Noticed Prince Ribbit
  7806 | D:8      | Killed Prince Ribbit
  7807 | D:8      | Reached skill level 5 in Armour
  7869 | D:8      | Found Deipn's Distillery.
  7970 | D:9      | Noticed a two-headed ogre
  7984 | D:8      | Killed a two-headed ogre
  8186 | D:9      | Reached XP level 11. HP: 74/89 MP: 9/11
  8190 | D:9      | Reached skill level 10 in Shields
  8458 | D:9      | Found a staircase to the Lair.
  8545 | D:9      | Noticed a sun demon
  9069 | D:9      | Found a blossoming altar of Fedhas.
  9070 | D:9      | Found a shimmering altar of Xom.
  9094 | D:10     | Entered Level 10 of the Dungeon
  9508 | D:10     | Noticed Erolcha
  9521 | D:10     | Killed Erolcha
  9530 | D:10     | Reached skill level 10 in Fighting
 10465 | D:11     | Noticed a cyclops
 10469 | D:11     | Killed a cyclops
 10475 | D:11     | Noticed a two-headed ogre
 10483 | D:11     | Killed a two-headed ogre
 10484 | D:11     | Reached skill level 10 in Armour
 10499 | D:11     | Reached *** piety under Qazlal
 10543 | D:11     | Noticed a two-headed ogre
 10552 | D:11     | Killed a two-headed ogre
 10554 | D:11     | Reached XP level 12. HP: 32/97 MP: 5/12
 10825 | D:11     | Reached skill level 10 in Maces & Flails
 10864 | D:11     | Reached skill level 1 in Invocations
 10873 | D:11     | Reached skill level 2 in Invocations
 11014 | D:11     | Reached skill level 3 in Invocations
 11027 | D:11     | Reached skill level 4 in Invocations
 11215 | D:11     | Reached skill level 5 in Invocations
 11215 | D:11     | Found a staircase to the Orcish Mines.
 11412 | D:12     | Noticed a boulder beetle
 11415 | D:12     | Reached skill level 6 in Invocations
 11450 | D:12     | Killed a boulder beetle
 11451 | D:12     | Reached skill level 7 in Invocations
 11659 | D:12     | Reached skill level 8 in Invocations
 11830 | D:12     | Noticed a boulder beetle
 11863 | D:12     | Reached skill level 9 in Invocations
 11864 | D:12     | Reached **** piety under Qazlal
 11889 | D:12     | Killed a boulder beetle
 12427 | D:13     | Noticed a centaur warrior
 12435 | D:13     | Reached skill level 10 in Invocations
 12441 | D:13     | Killed a centaur warrior
 12448 | D:13     | Reached skill level 11 in Invocations
 12458 | D:13     | Reached XP level 13. HP: 36/103 MP: 5/21
 12729 | D:13     | Found Ziarular's Jewellery Shoppe.
 12897 | D:13     | Found a frozen archway.
 12950 | D:13     | Noticed Azrael
 12969 | D:13     | HP: 5/104 [Azrael/+4 scimitar of flaming (1)]
 12975 | D:13     | HP: 3/104 [hell hound[Azrael] (5)]
 12975 | D:13     | Killed from afar by Azrael

Illustrated notes

Levels and vault maps discovered:
D:1:      dpeg_arrival_simpleton_a, layout_basic, serial_shops, shop
D:2:      layout_basic
D:3:      layout_rooms, worldfamousw_hep_ancestral_shrine,
          shapermc_ecumenical_altar_acropolis
D:4:      minmay_diamond_boxcup, layout_rooms,
          minmay_temple_entry_gardened_gates
D:5:      layout_loops_ring, mainiacjoe_overflow_six_doors_small, zin_purify,
          gammafunk_ghost_icy, nicolae_fountain_basement
D:6:      layout_basic, uniq_crazy_yiuf_cottage
D:7:      layout_basic
D:8:      layout_loops_corners, lemuel_round_altar, serial_shops,
          nicolae_stop_n_shop_2, serial_bayou, serial_bayou_pond_c,
          serial_bayou_pond_b, serial_bayou_shore_a, serial_bayou_ford_a,
          serial_bayou_pond_e, guppyfry_shop_venom, uniq_psyche, uniq_erica,
          uniq_prince_ribbit1
D:9:      layout_rooms, gammafunk_temple_overflow_pools, lair_entry_dummy
D:10:     layout_loops_ring, uniq_erolcha
D:11:     layout_rooms, orc_0_dummy, nooodl_orcs_dogs
D:12:     layout_rooms, nicolae_two_hexagons
D:13:     layout_basic, erik_vaults_2, serial_shops, shop, portal_ice_cave_rime,
          minmay_door_square, uniq_azrael, uniq_urug
Temple:   nicolae_temple_elliptical

Skill      XL: |  1  2  3  4  5  6  7  8  9 10 11 12 |
---------------+-------------------------------------+-----
Fighting       | 4 5 6 8 9 10 | 10.6
Axes           | 3 |  3.2
Maces & Flails | 1 3 4 5 7 9 10 | 10.2
Dodging        | 4 |  4.1
Shields        | 9 10 | 10.3
Armour         | 6 10 | 10.3
Invocations    | 11 | 11.3

Action                     |  1- 3 |  4- 6 |  7- 9 | 10-12 | 13-15 || total
---------------------------+-------+-------+-------+-------+-------++-------
  Melee: War axe           |    45 |    21 |       |       |       ||    66
         Mace              |       |   102 |   186 |   475 |    35 ||   798
 Invoke: Elemental Force   |       |       |       |     1 |       ||     1
Ability: Shaft Self        |       |       |       |       |     1 ||     1
  Evoke: Wand              |       |       |     8 |     7 |       ||    15
    Use: Scroll            |     4 |     5 |     9 |     8 |       ||    26
         Potion            |       |     2 |     3 |     2 |     5 ||    12
 Armour: Scale mail        |    23 |    62 |    49 |       |       ||   134
         Plate armour      |       |       |    68 |   296 |    33 ||   397
  Dodge: Dodged            |    31 |    55 |    82 |   210 |    22 ||   400
  Block: Buckler           |    16 |    34 |    80 |   371 |    36 ||   537
